 Dungeon Crawl Stone Soup version 0.29.1-12-g30fa7ad0bf (webtiles) character file.

Game seed: 16098038325639277607

1288 cdecastro the Spear-Bearer (level 8, -1/52 HPs)
             Began as a Merfolk Summoner on Dec 15, 2022.
             Was a Believer of Wu Jian.
             Slain by an orc warrior
             ... wielding a +0 hand axe
              (9 damage)
             ... on level 5 of the Dungeon.
             The game lasted 00:20:16 (7968 turns).

cdecastro the Spear-Bearer (Merfolk Summoner)       Turns: 7968, Time: 00:20:16

Health: -1/52      AC:  5    Str:  8    XL:     8   Next: 55%
Magic:  0/11       EV: 12    Int: 17    God:    Wu Jian [**....]
Gold:   350        SH:  0    Dex: 14    Spells: 5/11 levels left

rFire   . . .      SeeInvis .   f - +0 spear
rCold   . . .      Faith    .   (no shield)
rNeg    . . .      Spirit   .   a - +0 robe
rPois   .          Reflect  .   j - +1 helmet
rElec   .          Harm     .   (no cloak)
rCorr   .          Rampage  .   (no gloves)
Will    .....                   q - +0 pair of boots
Stlth   ++........              (no amulet)
HPRegen 0.17/turn               (no ring)
MPRegen 0.12/turn               (no ring)

@: no status effects
A: (nimble swimmer 2), mertail
a: Renounce Religion, Wall Jump


You were on level 5 of the Dungeon.
You worshipped Wu Jian.
Wu Jian was pleased with you.
You visited 2 branches of the dungeon, and saw 7 of its levels.
You also visited: Ossuary.

You collected 350 gold pieces.

Inventory:

Hand Weapons
 d - a +0 hand axe
 f - a +0 spear (weapon)
 o - a +1 dagger of protection
Missiles
 e - 11 poisoned darts
Armour
 a - a +0 robe (worn)
 i - a +0 ring mail
 j - a +1 helmet (worn)
 m - a +0 leather armour
 q - a +0 pair of boots (worn)
 t - a +1 buckler of cold resistance
Wands
 C - a wand of flame (26)
Scrolls
 g - 2 scrolls of fog {unknown}
 l - a scroll of silence {unknown}
 p - a scroll of magic mapping {unknown}
 r - 2 scrolls of torment {unknown}
 v - a scroll of identify {unknown}
 w - 2 scrolls of teleportation {unknown}
 x - 4 scrolls of immolation {unknown}
 y - a scroll of noise {unknown}
 z - a scroll of amnesia {unknown}
 D - a scroll of poison {unknown}
 E - a scroll of vulnerability {unknown}
Potions
 b - a potion of magic
 c - a potion of flight {unknown}
 h - 3 potions of curing {unknown}
 k - 2 potions of berserk rage {unknown}
 n - 2 potions of lignification {unknown}
 s - 3 potions of heal wounds {unknown}
 u - 4 potions of haste {unknown}
 A - 2 potions of might {unknown}
 B - a potion of brilliance {unknown}


   Skills:
 + Level 9.6 Polearms
 - Level 2.6 Dodging
 - Level 2.1 Stealth
 - Level 2.0 Spellcasting
 - Level 8.0 Summonings


You had 5 spell levels left.
You knew the following spells:

 Your Spells              Type           Power      Damage    Failure   Level
a - Summon Small Mammal   Summ           100%       N/A       1%          1
b - Call Imp              Summ           28%        N/A       1%          2
c - Call Canine Familiar  Summ           28%        N/A       2%          3

Your spell library contained the following spells:

 Spells                   Type           Power      Damage    Failure   Level
 Summon Guardian Golem    Hex/Summ       15%        N/A       11%         3
 Slow                     Hex            4%         N/A       19%         1
 Static Discharge         Conj/Air       1%         3-4/arc   28%         2
 Summon Lightning Spire   Summ/Air       15%        N/A       36%         4
 Confusing Touch          Hex            1%         N/A       50%         3
 Vampiric Draining        Necr           1%         2d6       50%         3
 Animate Dead             Necr           1%         N/A       88%         4
 Dispel Undead            Necr           1%         3d6       88%         4
 Flame Wave               Conj/Fire      1%         2d4       88%         4
 Ice Form                 Ice/Tmut       1%         N/A       88%         4
 Sticky Flame             Conj/Fire      1%         2d3       88%         4
 Borgnjor's Vile Clutch   Necr/Erth      0%         N/A       99%         5
 Irradiate                Conj/Tmut      0%         3d11      99%         5
 Death Channel            Necr           0%         N/A       100%        6


Dungeon Overview and Level Annotations

Branches:
Dungeon (6/15)             Temple (1/1) D:5         Ossuary (visited)

Altars:
Ashenzari
Dithmenos
Elyvilon
Gozag
Hepliaklqana
Kikubaaqudgha
Makhleb
Nemelex Xobeh
Okawaru
Qazlal
Sif Muna
Uskayaw
Vehumet
Wu Jian
Yredelemnul
Zin
The Shining One

Annotations:
D:4 3 runed translucent doors, silentkaos13's ghost, amateur KoEn
D:6 Prince Ribbit


Innate Abilities, Weirdness & Mutations

((You are very nimble when in or above water. (Stealth+, EV+, Speed+++)))
Your lower body shifts to a powerful aquatic tail in water.


Message History

Confirm with . or Enter, or press ? or * to list all spells.
A beastly little devil appears in a puff of frigid air.
Your hound closely misses the orc warrior. x2
The orc warrior hits you with a +0 hand axe.
The orc warrior hits your hound with a +0 hand axe!
Your hound dies!
Your hound's corpse disappears in a puff of smoke!
You hit the orc warrior but do no damage.
The orc warrior is severely wounded.
You closely miss the orc warrior.
The orc warrior is severely wounded.
The orc warrior hits you with a +0 hand axe!
* * * LOW HITPOINT WARNING * * *
You closely miss the orc warrior.
The orc warrior is severely wounded.
The orc warrior barely misses you.
The orc warrior hits your white imp with a +0 hand axe.
You barely miss the orc warrior.
The orc warrior is severely wounded.
Your white imp hits the orc warrior but does no damage.
Casting: Call Imp (safe; 1% risk of failure)
Confirm with . or Enter, or press ? or * to list all spells.
You don't have enough magic to cast this spell.
Unknown command.
Unknown command.
You hit the orc warrior.
The orc warrior is severely wounded.
The orc warrior hits you with a +0 hand axe.
* * * LOW HITPOINT WARNING * * *
The orc warrior hits your white imp with a +0 hand axe!
Your white imp dies!
Your white imp disappears in a puff of smoke!
The orc warrior attacks as you move away!
The orc warrior hits you with a +0 hand axe!
* * * LOW HITPOINT WARNING * * *
Casting: Call Imp (safe; 1% risk of failure)
Confirm with . or Enter, or press ? or * to list all spells.
A beastly little devil appears in a puff of flame.
The orc warrior hits you with a +0 hand axe!
You die...

## .# #########
.######.......#
......#.......############
...............5@o.......#
......#........#..ยง......#
......#..).....#.........#
......########.#.........#####
.###### #...............# .#
####..........[.# .#
#....>.......# ##
#..########### #
###########..#


You could see an orc warrior (ally target) and a friendly crimson imp
(summoned).

Vanquished Creatures
  A centaur (D:6)
  2 elf zombies (Ossuary)
  An elf skeleton (D:6)
  An iguana (D:5)
  A human skeleton (D:6)
  2 adders
  A white imp (D:6)
  A dart slug (D:2)
  An orc (D:4)
  5 ball pythons
  6 endoplasms
  A giant cockroach (D:2)
  8 goblins
  4 hobgoblins
  11 jackals
  8 kobolds
  2 quokkas
  6 bats
  2 frilled lizards (D:1)
  A goblin zombie (Ossuary)
  4 hobgoblin zombies (Ossuary)
  3 kobold zombies (Ossuary)
  An orc skeleton (D:6)
  7 orc zombies
  6 rats
86 creatures vanquished.

Vanquished Creatures (collateral kills)
  Sigmund (D:6)
  2 black bears
  An ogre (D:4)
  An elf zombie (Ossuary)
  A necrophage (D:5)
  A centaur zombie (Ossuary)
  A hound (D:6)
  2 jellies (D:4)
  A human skeleton (D:6)
  An iguana (D:6)
  2 mummies (Ossuary)
  Robin (D:2)
  A gnoll (D:1)
  3 adders
  A dart slug (D:1)
  An orc (D:5)
  2 bats
  2 endoplasms
  9 goblins
  4 hobgoblins (D:2)
  6 jackals
  A kobold (D:2)
  A ball python (D:2)
  A frilled lizard (D:1)
  3 goblin zombies (Ossuary)
  7 hobgoblin zombies (Ossuary)
  5 kobold zombies (Ossuary)
  5 orc zombies (Ossuary)
  2 rats (D:1)
69 creatures vanquished.

Grand Total: 155 creatures vanquished

Notes
Turn   | Place    | Note
-------+----------+-------------------------------------------
     0 | D:1      | cdecastro the Merfolk Summoner began the quest for the Orb.
     0 | D:1      | Reached XP level 1. HP: 13/13 MP: 3/3
   618 | D:1      | Reached XP level 2. HP: 17/19 MP: 0/5
  1134 | D:1      | Reached XP level 3. HP: 24/24 MP: 3/6
  1239 | D:1      | Reached skill level 5 in Summonings
  1407 | D:1      | Learned a level 2 spell: Call Imp
  1411 | D:1      | Learned a level 3 spell: Call Canine Familiar
  1825 | D:1      | Reached skill level 1 in Polearms
  2635 | D:2      | Noticed Robin
  2660 | D:2      | Reached XP level 4. HP: 27/30 MP: 4/7
  2706 | D:2      | Found an ornate altar of the Wu Jian Council.
  3033 | D:2      | Found a faded altar of an unknown god.
  3039 | D:2      | Reached skill level 2 in Polearms
  3305 | D:2      | Killed Robin
  3666 | D:2      | Became a worshipper of the Wu Jian Council
  3869 | D:3      | Reached XP level 5. HP: 35/35 MP: 8/8
  4520 | D:4      | Noticed a black bear
  4526 | D:4      | Killed a black bear
  4527 | D:4      | Reached skill level 3 in Polearms
  4527 | D:4      | Reached XP level 6. HP: 41/41 MP: 3/9
  4685 | D:4      | Found a runed translucent gate.
  4686 | D:4      | Found a runed translucent gate.
  4687 | D:4      | Found a runed translucent gate.
  4687 | D:4      | Noticed silentkaos13's ghost (amateur KoEn)
  4828 | D:4      | Reached * piety under Wu Jian
  5082 | D:4      | Reached skill level 4 in Polearms
  5354 | D:5      | Entered Level 5 of the Dungeon
  5506 | D:5      | Noticed a black bear
  5532 | D:5      | Killed a black bear
  5533 | D:5      | Reached XP level 7. HP: 34/46 MP: 6/10
  5962 | D:5      | Found a staircase to the Ecumenical Temple.
  5998 | Temple   | Entered the Ecumenical Temple
  6339 | D:5      | Reached skill level 5 in Polearms
  6375 | D:6      | Noticed Sigmund
  6657 | D:6      | Got the Treatise on Conflict and Permutations
  6741 | D:6      | Reached skill level 6 in Polearms
  6744 | D:6      | Found a sand-covered staircase.
  6761 | Ossuary  | Entered an ossuary
  6943 | Ossuary  | Reached ** piety under Wu Jian
  7054 | Ossuary  | Reached XP level 8. HP: 47/52 MP: 2/11
  7070 | Ossuary  | Reached skill level 7 in Polearms
  7218 | Ossuary  | Reached skill level 8 in Polearms
  7590 | D:6      | Killed Sigmund
  7591 | D:6      | Reached skill level 9 in Polearms
  7740 | D:6      | Noticed Prince Ribbit
  7968 | D:5      | Slain by an orc warrior

Illustrated notes

Levels and vault maps discovered:
D:1:      onia_arrival_handbag, layout_basic, minmay_heptomino_d4
D:2:      minmay_skewed_foursquare, layout_basic,
          hellmonk_ecumenical_altar_inner_sanctum, basic_altar, uniq_robin
D:3:      layout_basic
D:4:      layout_basic, biasface_ghost_orc_armoury
D:5:      layout_basic, minmay_temple_entry_trees
D:6:      layout_rooms, serial_shops, nicolae_shop_advertising_works
          [nicolae_subvault_shop_adworks], nicolae_ossuary_entry_catacombs,
          minmay_misc_feat_four_crosses, uniq_sigmund, uniq_prince_ribbit1
Temple:   bh_familiar_temple

Skill      XL: |  1  2  3  4  5  6  7  8 |
---------------+-------------------------+-----
Summonings     | 5 6 7 8 |  8.0
Polearms       | 1 2 3 4 6 9 |  9.6
Dodging        | |  2.6
Stealth        | |  2.1
Spellcasting   | |  2.0

Action                   |  1- 3 |  4- 6 |  7- 9 || total
-------------------------+-------+-------+-------++-------
Melee: Unarmed           |    14 |       |       ||    14
       Hand axe          |    16 |       |       ||    16
       Spear             |    90 |    10 |   166 ||   266
       Dagger            |       |   129 |   109 ||   238
       Punch             |       |     1 |     2 ||     3
 Cast: Summon Small Mamm |    28 |       |     3 ||    31
       Call Imp          |     5 |     9 |    10 ||    24
       Call Canine Famil |       |     7 |    17 ||    24
Invok: Lunge             |       |     8 |     7 ||    15
       Whirlwind         |       |     4 |     7 ||    11
 Stab: Sleeping          |     6 |     5 |     5 ||    16
       Distracted        |       |       |     6 ||     6
Armor: Robe              |    25 |    67 |    45 ||   137
Dodge: Dodged            |    87 |   118 |   102 ||   307
